 Dungeon Crawl Stone Soup version 0.20-b1 (webtiles) character file.

1636 Drake the Ducker (level 8, 0/41 HPs)
             Began as a Deep Elf Gladiator on May 22, 2017.
             Was an Initiate of Hepliaklqana.
             Slain by a manticore (19 damage)
             ... on level 6 of the Dungeon.
             The game lasted 00:34:33 (6757 turns).

Drake the Ducker (Deep Elf Gladiator)               Turns: 6757, Time: 00:34:33

Health: 0/41       AC:  8    Str: 13    XL:     8   Next: 66%
Magic:  18/18      EV: 17    Int: 14    God:    Hepliaklqana [......]
Gold:   359        SH:  0    Dex: 16    Spells: 15/18 levels left

rFire    + . .     SeeInvis .   a - +0 quarterstaff
rCold    . . .     Gourm    .   (shield currently unavailable)
rNeg     . . .     Faith    .   p - +3 leather armour {rF+}
rPois    .         Spirit   .   (helmet restricted)
rElec    .         Reflect  .   k - scarf {repulsion}
rCorr    .         Harm     .   l - +0 pair of gloves
MR       .....                  m - +0 pair of boots
Stlth    +.........             (no amulet)
Regen    0.2/turn               (no ring)
MPRegen  0.2/turn               (no ring)

@: very slightly contaminated, invisible, repel missiles
A: reduced essence, horns 1, wild magic 1
a: Recall Ancestor, Ancestor Identity, Renounce Religion


You were on level 6 of the Dungeon.
You worshipped Hepliaklqana.
Hepliaklqana was noncommittal.
You were not hungry.

You visited 2 branches of the dungeon, and saw 7 of its levels.

You collected 359 gold pieces.

Inventory:

Hand Weapons
 a - a +0 quarterstaff (weapon)
Missiles
 d - 3 throwing nets (quivered)
Armour
 c - a +0 helmet
 k - a scarf of repulsion (worn)
 l - a +0 pair of gloves (worn)
 m - a +0 pair of boots (worn)
 p - a +3 leather armour of fire resistance (worn)
Wands
 h - a wand of confusion (10/48)
 r - a wand of flame (22/48)
 s - a wand of disintegration (12/24)
 v - a wand of iceblast (0/15)
 y - a wand of disintegration (8/24)
Scrolls
 b - 3 scrolls of remove curse
 f - 4 scrolls of identify
 g - 4 scrolls of teleportation
Potions
 e - 6 potions of curing
 j - a potion of magic
 q - a potion of agility {unknown}
 t - a potion of lignification {unknown}
Books
 i - a book of Cantrips

   Spells                             Type                      Level
   a - Confusing Touch                Hexes                        1
   b - Animate Skeleton               Necromancy                   1
   c - Summon Small Mammal            Summoning                    1
   d - Apportation                    Translocation                1
 o - a book of Changes

   Spells                             Type                      Level
   a - Beastly Appendage              Transmutation                1
   b - Sticks to Snakes               Transmutation                2
   c - Spider Form                    Transmutation/Poison         3
   d - Ice Form                       Ice/Transmutation            4
   e - Blade Hands                    Transmutation                5
Comestibles
 n - 3 fruits
 u - a bread ration
 z - a royal jelly


   Skills:
 - Level 3.0 Fighting
 + Level 6.5 Staves
 - Level 2.0 Throwing
 + Level 7.8 Dodging
 + Level 5.9 Spellcasting
 + Level 4.8 Transmutations


You had 15 spell levels left.
You knew the following spells:

 Your Spells              Type           Power        Failure   Level  Hunger
a - Beastly Appendage     Tmut           ###...       4%          1    None
b - Animate Skeleton      Necr           N/A          28%         1    None
c - Summon Small Mammal   Summ           #...         28%         1    None


Dungeon Overview and Level Annotations

Branches:
Dungeon (6/15)             Temple (1/1) D:5

Altars:
Cheibriados
Dithmenos
Fedhas
Gozag
Hepliaklqana
Nemelex Xobeh
Sif Muna
Trog
Uskayaw
Vehumet
Yredelemnul
Zin
The Shining One

Annotations:
D:3 2 transporters


Innate Abilities, Weirdness & Mutations

Your life essence is reduced. (-10% HP)
You have a pair of small horns on your head.
Your spells are a little harder to cast, but a little more powerful.


Message History

The manticore flicks its tail.
The volley of spikes is repelled.
The manticore bites you!!
Ouch! That really hurt!
The manticore claws you but does no damage.
The manticore misses you.
Necuametl hits the manticore but does no damage.
It was a potion of invisibility.
You fade into invisibility!
The manticore barely misses you. The manticore closely misses you.
The manticore claws you.
Necuametl barely misses the manticore.
You are very lightly contaminated with residual magic.
You feel better. The manticore barely misses you.
The manticore closely misses you. The manticore claws you.
Necuametl hits the manticore.
You catch the helpless manticore completely off-guard!
You hit the manticore.
The manticore is lightly wounded.
The manticore bites you!!
You die...

##.# #####.#
#))..# #####.#
#+# #....#
#.....# #....#
#.....## #....#
#...†..# #....#
#......##
#....#
#.......#
#...<#
#.....#.##
#.####
#######@R# ##H#
...............
#######.#.##.##
..#.# ... #
..#. .. . .O.
#.


You could see the friendly Necuametl the ancestor and a manticore.

Vanquished Creatures
  An ice beast (D:5)
  An ogre (D:3)
  6 big kobolds (D:5)
  A bullfrog (D:6)
  2 scorpions (D:5)
  A howler monkey (D:5)
  2 crimson imps (D:5)
  A hound (D:4)
  A jelly (D:5)
  2 orc priests
  An iguana (D:6)
  4 worker ants
  A hound zombie (D:5)
  3 gnolls (D:5)
  5 adders
  An ooze (D:4)
  4 worms
  3 dart slugs (D:1)
  5 leopard geckos
  19 orcs
  A ball python (D:1)
  5 giant cockroaches
  10 goblins
  5 hobgoblins
  9 jackals
  2 quokkas
  9 bats
  4 frilled lizards
  2 jackal skeletons
  37 kobolds
  9 rats
157 creatures vanquished.

Vanquished Creatures (collateral kills)
  3 big kobolds (D:5)
  An iguana (D:5)
  A worker ant (D:5)
  A shadow imp (D:6)
  2 orcs
  A kobold (D:5)
9 creatures vanquished.

Vanquished Creatures (others)
  A wizard (D:4)
1 creature vanquished.

Grand Total: 167 creatures vanquished

Notes
Turn   | Place    | Note
-------+----------+-------------------------------------------
     0 | D:1      | Drake the Deep Elf Gladiator began the quest for the Orb.
     0 | D:1      | Reached XP level 1. HP: 12/12 MP: 3/3
   140 | D:1      | Reached XP level 2. HP: 17/17 MP: 4/4
   453 | D:1      | Reached skill level 4 in Dodging
   583 | D:1      | Reached XP level 3. HP: 20/21 MP: 5/5
   972 | D:1      | Gained mutation: You are weak. (Str -2) [potion of mutation]
   972 | D:1      | Gained mutation: You have a pair of small horns on your head. [potion of mutation]
   972 | D:1      | Gained mutation: You are clumsy. (Dex -2) [potion of mutation]
   972 | D:1      | Gained mutation: You possess an exceptional clarity of mind. [potion of mutation]
   981 | D:1      | Lost mutation: You possess an exceptional clarity of mind. [potion of mutation]
   981 | D:1      | Lost mutation: You have a pair of small horns on your head. [potion of mutation]
   981 | D:1      | Lost mutation: You are clumsy. (Dex -2) [potion of mutation]
   981 | D:1      | Lost mutation: You are weak. (Str -2) [potion of mutation]
   981 | D:1      | Gained mutation: You have a pair of small horns on your head. [potion of mutation]
   981 | D:1      | Gained mutation: Your spells are a little harder to cast, but a little more powerful. [potion of mutation]
  1650 | D:2      | Reached XP level 4. HP: 27/27 MP: 6/6
  2234 | D:3      | Noticed an ogre
  2245 | D:3      | Killed an ogre
  2245 | D:3      | Reached skill level 5 in Dodging
  2245 | D:3      | Reached XP level 5. HP: 30/32 MP: 7/7
  2743 | D:3      | Learned a level 1 spell: Beastly Appendage
  3175 | D:4      | Reached skill level 1 in Spellcasting
  3344 | D:4      | Reached skill level 1 in Transmutations
  3344 | D:4      | Reached XP level 6. HP: 36/37 MP: 8/10
  3911 | D:4      | Found a bloodstained altar of Trog.
  3912 | D:4      | Noticed a wizard
  3917 | D:4      | Killed a wizard
  4101 | D:5      | Entered Level 5 of the Dungeon
  4251 | D:5      | Reached skill level 5 in Staves
  4531 | D:5      | Reached XP level 7. HP: 30/41 MP: 11/13
  4638 | D:5      | Reached skill level 6 in Dodging
  4952 | D:5      | Found a staircase to the Ecumenical Temple.
  4959 | Temple   | Entered the Ecumenical Temple
  4990 | Temple   | Became a worshipper of Hepliaklqana the Forgotten
  5020 | D:5      | Learned a level 1 spell: Animate Skeleton
  5023 | D:5      | Learned a level 1 spell: Summon Small Mammal
  5178 | D:5      | Reached XP level 8. HP: 25/41 MP: 16/16
  5391 | D:5      | Reached skill level 7 in Dodging
  5406 | D:5      | Reached skill level 5 in Spellcasting
  5529 | D:5      | Noticed a hand axe
  5537 | D:5      | Noticed a dagger
  5619 | D:5      | Found a hide-covered altar of Uskayaw.
  5639 | D:5      | Found an opulent altar of Gozag.
  6590 | D:6      | HP: 1/41 [iguana (12)]
  6745 | D:6      | Noticed a manticore
  6757 | D:6      | Slain by a manticore

Skill      XL: |  1  2  3  4  5  6  7  8 |
---------------+-------------------------+-----
Fighting       | 2 3 |  3.0
Dodging        | 4 5 6 7 |  7.8
Staves         | 4 5 6 |  6.5
Spellcasting   | 1 2 4 5 |  5.9
Transmutations | 1 2 3 4 |  4.8
Throwing       | |  2.0

Action                   |  1- 3 |  4- 6 |  7- 9 || total
-------------------------+-------+-------+-------++-------
Melee: Quarterstaff      |   114 |   224 |   167 ||   505
       Headbutt          |     8 |    35 |    34 ||    77
Evoke: Wand              |       |       |    11 ||    11
  Use: Potion            |     7 |     1 |     5 ||    13
       Scroll            |     2 |     7 |     2 ||    11
 Stab: Sleeping          |     2 |     3 |       ||     5
       Invisible         |       |       |     1 ||     1
  Eat: Bread ration      |     1 |       |     1 ||     2
       Fruit             |       |     4 |       ||     4
       Royal jelly       |       |     1 |       ||     1
       Meat ration       |       |     1 |       ||     1
Armor: Leather armour    |    31 |    82 |    35 ||   148
Dodge: Dodged            |    94 |   172 |   122 ||   388
       Deflected         |       |     8 |     3 ||    11
